 Dungeon Crawl Stone Soup version 0.30-a0-137-gd8773701ce (webtiles) character file.

Game seed: 11143557221308143656

447 blackman the Spear-Bearer (level 6, -3/51 HPs)
             Began as a Minotaur Fighter on Sept 22, 2022.
             Slain by Grinder (4 damage)
             ... while paralysed by Grinder
             ... on level 4 of the Dungeon.
             The game lasted 00:04:33 (3465 turns).

blackman the Spear-Bearer (Minotaur Fighter)        Turns: 3465, Time: 00:04:34

Health: -3/51      AC:  8    Str: 23      XL:     6   Next: 73%
Magic:  5/5        EV:  2    Int:  4 (5)  God:
Gold:   118        SH:  0    Dex:  9      Spells: 5/5 levels left

rFire   . . .      SeeInvis .    a - +0 trident
rCold   . . .      Faith    .    c - +0 buckler
rNeg    . . .      Spirit   .    b - +0 scale mail
rPois   .          Reflect  .    (helmet restricted)
rElec   .          Harm     .    (no cloak)
rCorr   .          Rampage  .    l - +0 pair of gloves
Will    .....                    (no boots)
Stlth   ..........               (no amulet)
HPRegen 0.17/turn                (no ring)
MPRegen 0.09/turn                (no ring)

@: paralysed, mighty
A: horns 2, retaliatory headbutt
a: no special abilities


You were on level 4 of the Dungeon.
You visited 1 branch of the dungeon, and saw 4 of its levels.

You collected 118 gold pieces.

Inventory:

Hand Weapons
 a - a +0 trident (weapon)
Armour
 b - a +0 scale mail (worn)
 c - a +0 buckler (worn)
 l - a +0 pair of gloves (worn)
   (You found it on level 1 of the Dungeon)
Jewellery
 f - a ring of protection from fire
   (You found it on level 4 of the Dungeon)
Scrolls
 e - a scroll of blinking {unknown}
 j - 2 scrolls of fear {unknown}
 k - a scroll of noise {unknown}
 m - a scroll of enchant armour {unknown}
 n - a scroll of teleportation {unknown}
 o - 2 scrolls of brand weapon {unknown}
 q - 2 scrolls of identify {unknown}
 r - a scroll of torment {unknown}
Potions
 g - 3 potions of ambrosia {unknown}
 h - a potion of invisibility {unknown}
 i - 2 potions of curing {unknown}
 p - a potion of flight {unknown}
 s - a potion of brilliance {unknown}
 t - 2 potions of cancellation {unknown}


   Skills:
 - Level 3.6 Fighting
 + Level 8.8 Polearms
 - Level 3.6 Armour
 - Level 3.6 Shields


You had 5 spell levels left.
You didn't know any spells.
Your spell library contained the following spells:

 Spells                   Type           Power      Damage    Failure   Level
 Shock                    Conj/Air       0%         1d3       88%         1
 Swiftness                Air            0%         N/A       99%         3
 Airstrike                Air            0%         2d(0-16)  100%        4
 Fireball                 Conj/Fire      0%         3d3       100%        5
 Iskenderun's Battlesphe  Conj           0%         2d6       100%        5
 Conjure Ball Lightning   Conj/Air       0%         3x3d6     100%        6
 Orb of Destruction       Conj           0%         9d5       100%        7


Dungeon Overview and Level Annotations

Branches:
Dungeon (4/15)
 Temple: D:4-7

Altars:
Sif Muna

Annotations:
D:4 Grinder


Innate Abilities, Weirdness & Mutations

You have a pair of horns on your head.
You reflexively headbutt those who attack you in melee.


Message History

Pain shoots through your body!
You puncture Grinder! Your headbutt misses Grinder.
Grinder is moderately wounded.
You impale Grinder!!
Grinder is severely wounded.
Grinder closely misses you.
You hit Grinder. Your headbutt misses Grinder.
Grinder is severely wounded.
Grinder blinks!
Found a scroll labelled GAPU GI XAE.
Grinder says, "Don't move a muscle."
You closely miss Grinder. Your headbutt misses Grinder.
Grinder is severely wounded.
Grinder gestures at you. Pain shoots through your body!
* * * LOW HITPOINT WARNING * * *
You are too injured to fight recklessly!
You are too injured to fight recklessly!
What are your orders? t - Shout!
Orders for allies: a - Attack new target. r - Retreat! s - Stop attacking. g - Guard the area. f - Follow me.
Anything else - Cancel.
Okay, then.
Unknown command.
You closely miss Grinder.
Grinder is severely wounded.
Grinder gestures at you.
You suddenly lose the ability to move!
Grinder hits you.
* * * LOW HITPOINT WARNING * * *
You writhe in agony.
* * * LOW HITPOINT WARNING * * *
Grinder hits you.
* * * LOW HITPOINT WARNING * * *
You writhe in agony.
* * * LOW HITPOINT WARNING * * *
Grinder hits you.
You die...

#.# #.#...... #.#
#.#.....# .# #.#
####.#.....##.. # #.#
.?........... . #.#
............ #. #.#
#.......# #.##.#
#.5.....# ####.....
#..@....+ .........
#.......# ####..#†#
#.......# #..#.#
#.......#######.....
#####.)#######...##.#.†.
#.........)..'......##.#
#........#####...#####.#
#:.......# #...# #.#
######.#######...#####..


You could see Grinder.

Vanquished Creatures
  A black bear (D:4)
  A necrophage (D:2)
  A scorpion (D:4)
  An orc priest (D:3)
  Jessica (D:2)
  An orc wizard (D:3)
  An iguana (D:4)
  7 adders
  An ufetubus (D:4)
  A worm (D:2)
  A dart slug (D:2)
  9 orcs (D:3)
  4 ball pythons
  3 endoplasms (D:1)
  5 giant cockroaches
  5 goblins
  3 hobgoblins
  6 quokkas
  4 bats
  5 frilled lizards
  3 kobolds
  6 rats
70 creatures vanquished.

Notes
Turn   | Place    | Note
-------+----------+-------------------------------------------
     0 | D:1      | blackman the Minotaur Fighter began the quest for the Orb.
     0 | D:1      | Reached XP level 1. HP: 19/19 MP: 0/0
    99 | D:1      | Reached skill level 3 in Polearms
   183 | D:1      | Reached XP level 2. HP: 26/26 MP: 1/1
   884 | D:2      | Reached skill level 4 in Polearms
  1172 | D:2      | Reached XP level 3. HP: 28/31 MP: 2/2
  1228 | D:2      | Noticed a necrophage
  1235 | D:2      | Killed a necrophage
  1236 | D:2      | Reached skill level 5 in Polearms
  1236 | D:2      | Reached XP level 4. HP: 28/39 MP: 3/3
  1347 | D:2      | Found a faded altar of an unknown god.
  1480 | D:2      | Prayed at the altar of an unknown god.
  1480 | D:2      | Became a worshipper of Sif Muna the Loreminder
  1480 | D:2      | Reached * piety under Sif Muna
  1481 | D:2      | Fell from the grace of Sif Muna
  1738 | D:2      | Reached skill level 6 in Polearms
  1805 | D:2      | Noticed Jessica
  1814 | D:2      | Killed Jessica
  1815 | D:2      | Reached XP level 5. HP: 41/45 MP: 4/4
  2208 | D:3      | Reached skill level 7 in Polearms
  3116 | D:4      | Reached XP level 6. HP: 51/51 MP: 5/5
  3152 | D:4      | Reached skill level 8 in Polearms
  3443 | D:4      | Noticed Grinder
  3447 | D:4      | Paralysed by Grinder for 3 turns
  3462 | D:4      | Paralysed by Grinder for 4 turns
  3464 | D:4      | HP: 1/51 [Grinder (2)]
  3465 | D:4      | Slain by Grinder

Illustrated notes

Levels and vault maps discovered:
D:1:      scummos_arrival_simple_fountains, layout_loops_corners
D:2:      layout_loops_corners, serial_glass, glass_columns_a, glass_columns_a,
          glass_columns_c, glass_columns_c, dilly_ecumenical_altar_fadedgnrine,
          uniq_jessica
D:3:      layout_basic
D:4:      layout_basic, minmay_ogre_servants, uniq_grinder

Skill      XL: |  1  2  3  4  5  6 |
---------------+-------------------+-----
Polearms       | 3 4 5 6 7 8 |  8.8
Fighting       | |  3.6
Armour         | |  3.6
Shields        | |  3.6

Action                   |  1- 3 |  4- 6 || total
-------------------------+-------+-------++-------
Melee: Trident           |    54 |   158 ||   212
       Headbutt          |     3 |    17 ||    20
Invok: Renounce Religion |       |     1 ||     1
  Use: Potion            |       |     1 ||     1
 Stab: Distracted        |       |     1 ||     1
Armor: Scale mail        |    12 |    58 ||    70
Dodge: Dodged            |    18 |    49 ||    67
Block: Buckler           |     5 |    23 ||    28

Table legend: (Time is in decaauts)
 A = Elapsed time spent in this place.
 B = Non-inter-level travel time spent in this place.
 C = Inter-level travel time spent in this place.
 D = Time resting spent in this place.
 E = Time spent auto-exploring this place.
 F = Levels seen in this place.
 G = Mean time per level.
                   A        B        C        D        E       F      G
               +--------+--------+--------+--------+--------+-----+--------+
         Total |   3470 |   3382 |     88 |    106 |   2834 |   4 |  867.5 |
       Dungeon |   3470 |   3382 |     88 |    106 |   2834 |   4 |  867.5 |
               +--------+--------+--------+--------+--------+-----+--------+

Top non-repeatable levels by time:
     D:2: 1425 daAuts
     D:3: 865 daAuts
     D:1: 755 daAuts
     D:4: 423 daAuts
